 Dungeon Crawl Stone Soup version 0.18-a0-1361-g9293dd1 (webtiles) character file.

142 Kidiri the Purveyor of Pain (level 5, -1/37 HPs)
             Began as a Demonspawn Necromancer on Feb 20, 2016.
             Was an Initiate of Kikubaaqudgha.
             Slain by a gnoll (3 damage)
             ... on level 3 of the Dungeon.
             The game lasted 00:11:24 (3437 turns).

Kidiri the Purveyor of Pain (DsNe)                  Turns: 3437, Time: 00:11:24

Health: -1/37      AC:  5    Str:  9    XL:     5   Next: 3%
Magic:  3/9        EV: 15    Int: 17    God:    Kikubaaqudgha [......]
Gold:   128        SH:  0    Dex: 13    Spells: 4 memorised, 1 level left

rFire  . . .     SeeInvis .     p - +1 short sword
rCold  . . .     Gourm    .     l - +0 leather armour
rNeg   . . .     Faith    .     (no shield)
rPois  .         Spirit   .     (helmet restricted)
rElec  .         Dismiss  .     f - +1 cloak
rCorr  .         Reflect  .     (no gloves)
SustAt .         Harm     .     (no boots)
MR     .....                    (no amulet)
Stlth  ++........               (no ring)
                                o - +3 ring of evasion

@: not resistant to hostile enchantments, unstealthy
A: antennae 2
a: Renounce Religion


You were on level 3 of the Dungeon.
You worshipped Kikubaaqudgha.
Kikubaaqudgha was noncommittal.
You were not hungry.

You visited 1 branch of the dungeon, and saw 3 of its levels.

You collected 128 gold pieces.

Inventory:

Hand Weapons
 p - a +1 short sword (weapon)
Armour
 f - a +1 cloak (worn)
 l - a +0 leather armour (worn)
Jewellery
 o - a +3 ring of evasion (left hand)
Wands
 d - a wand of digging (15/24)
 h - a wand of lightning (7/15)
Scrolls
 e - 2 scrolls of remove curse
 m - a scroll of identify
Potions
 i - a potion of cure mutation {unknown}
 j - a potion of cancellation
 k - a potion of agility
 n - a potion of curing
 q - a potion of heal wounds {unknown}
Books
 b - a book of Necromancy

   Spells                             Type                      Level
   a - Pain                           Necromancy                   1
   b - Animate Skeleton               Necromancy                   1
   c - Vampiric Draining              Necromancy                   3
   d - Regeneration                   Charms/Necromancy            3
   e - Animate Dead                   Necromancy                   4
   f - Control Undead                 Necromancy                   4
Comestibles
 a - a meat ration
 c - 2 bread rations
 g - 2 beef jerkies


   Skills:
 + Level 1.6 Fighting
 + Level 0.8 Armour
 * Level 2.6 Dodging
 * Level 2.9 Stealth
 * Level 2.7 Spellcasting
 + Level 0.1 Charms
 + Level 4.8 Necromancy


You had one spell level left.
You knew the following spells:

 Your Spells              Type           Power        Failure   Level  Hunger
a - Pain                  Necr           ###.         4%          1    #......
b - Animate Skeleton      Necr           N/A          4%          1    #......
c - Vampiric Draining     Necr           ###.......   14%         3    ###....
d - Regeneration          Chrm/Necr      ##........   28%         3    ###....


Dungeon Overview and Level Annotations

Branches:
Dungeon (3/15)

Altars:
Kikubaaqudgha
Makhleb


Innate Abilities, Weirdness & Mutations

You have a pair of antennae on your head.


Message History

The gnoll closely misses you. The ooze barely misses you.
The gnoll barely misses you.
Casting: Pain
Confirm with . or Enter, or press ? or * to list all spells.
Aiming: Pain
Press: ? - help, Shift-Dir - straight line, f/p - gnoll
Aim: a gnoll (severely wounded, chance to defeat MR: 84%)
The gnoll convulses in agony!
The gnoll barely misses you. The gnoll misses you.
The ooze hits you but does no damage. The gnoll hits you!
* * * LOW HITPOINT WARNING * * *
Unknown command.
You kneel at the altar of Kikubaaqudgha.
Kikubaaqudgha welcomes you!
The gnoll hits you from afar with a vampiric spear.
* * * LOW HITPOINT WARNING * * *
The gnoll hits you from afar with a spear.
* * * LOW HITPOINT WARNING * * *
The ooze barely misses you. The gnoll hits you.
You die...
Kikubaaqudgha rasps: "You have failed me!
Welcome... death!"

#...#{#
#.#.g.#
#..#.##
##.{##
#.#..##
#.g#..#
#.gg#g#
###Jg##
#@##
### {


You could see 5 gnolls and an ooze.

Vanquished Creatures
  Terence (D:2)
  An adder (D:2)
  2 gnolls (D:3)
  An ooze (D:1)
  A worm (D:2)
  2 giant geckos (D:1)
  4 giant cockroaches
  5 goblins
  10 hobgoblins
  8 jackals
  4 kobolds (D:1)
  4 bats
  3 giant newts (D:1)
  6 rats
52 creatures vanquished.

Vanquished Creatures (collateral kills)
  A hound (D:2)
  A worm (D:2)
  2 goblins
  A hobgoblin (D:2)
  A rat (D:3)
6 creatures vanquished.

Grand Total: 58 creatures vanquished

Notes
Turn   | Place    | Note
--------------------------------------------------------------
     0 | D:1      | Kidiri the Demonspawn Necromancer began the quest for the Orb.
     0 | D:1      | Reached XP level 1. HP: 13/13 MP: 3/3
    20 | D:1      | Learned a level 1 spell: Animate Skeleton
   212 | D:1      | Gained mutation: You have a pair of small antennae on your head. [demonic ancestry]
   212 | D:1      | Reached XP level 2. HP: 5/20 MP: 0/5
   590 | D:1      | Reached skill level 1 in Fighting
  1200 | D:1      | Gained mutation: You have a pair of antennae on your head. [demonic ancestry]
  1200 | D:1      | Reached XP level 3. HP: 18/26 MP: 3/6
  1392 | D:1      | Learned a level 3 spell: Vampiric Draining
  2089 | D:2      | Noticed Terence
  2104 | D:2      | Killed Terence
  2104 | D:2      | Reached XP level 4. HP: 12/32 MP: 0/7
  2194 | D:2      | Learned a level 3 spell: Regeneration
  2694 | D:2      | Found a burning altar of Makhleb.
  3302 | D:3      | Reached XP level 5. HP: 34/37 MP: 4/9
  3425 | D:3      | Found an ancient bone altar of Kikubaaqudgha.
  3437 | D:3      | Became a worshipper of Kikubaaqudgha
  3437 | D:3      | Slain by a gnoll

Vault maps used:
D:1:      lemuel_arrival_hallway
D:2:      makhleb_blood_cavern_becter, uniq_terence
D:3:      lemuel_castle_with_subvaults, marbit_many_paths,
          fedhas_altar_fruit_tree

Action                   |  1- 3 |  4- 6 || total
-------------------------+-------+-------++-------
Melee: Whip              |     7 |       ||     7
       Unarmed           |     3 |       ||     3
       Short sword       |    45 |    24 ||    69
       Dagger            |     4 |       ||     4
 Cast: Pain              |    53 |    40 ||    93
       Animate Skeleton  |    10 |    11 ||    21
       Vampiric Draining |     1 |       ||     1
  Use: Scroll            |     8 |     2 ||    10
       Potion            |       |     2 ||     2
 Stab: Sleeping          |     4 |     1 ||     5
  Eat: Chunk             |     5 |     4 ||     9
